 Dungeon Crawl Stone Soup version 0.30-b1-2-g02819fbbbe (webtiles) character file.

Game seed: 17150784743556182699

8 Alarkh the Charlatan (level 2, 22/22 HPs)
             Began as a Demonspawn Artificer on Nov 22, 2023.
             Got out of the dungeon alive.
             The game lasted 00:00:16 (188 turns).

Alarkh the Charlatan (Demonspawn Artificer)          Turns: 188, Time: 00:00:16

Health: 22/22      AC:  3    Str: 12    XL:     2   Next: 0%
Magic:  2/2        EV: 11    Int: 12    God:
Gold:   0          SH:  0    Dex: 15    Spells: 1/1 levels left

rFire   . . .        a - +0 club
rCold   . . .        (no shield)
rNeg    . . .        b - +0 leather armour
rPois   .            (no helmet)
rElec   .            (no cloak)
rCorr   .            (no gloves)
SInv    .            (no boots)
Will    .....        (no amulet)
Stlth   ++           (no ring)
HPRegen 0.23/turn    (no ring)
MPRegen 0.08/turn

%: no passive effects
@: no status effects
A: thin skeletal structure 1
a: no special abilities


You escaped.
You visited 1 branch of the dungeon, and saw 1 of its levels.

Inventory:

Hand Weapons
 a - a +0 club (weapon)
Armour
 b - a +0 leather armour (worn)
Wands
 c - a wand of flame (14) (quivered)
 d - a wand of charming (15)
 e - a wand of iceblast (5)
Scrolls
 f - a scroll of noise {unknown}
 j - a scroll of silence {unknown}
Potions
 g - a potion of might {unknown}
 h - a potion of mutation {unknown}
 i - a potion of degeneration {unknown}


   Skills:
 + Level 2.1 Fighting
 - Level 1.7 Armour
 - Level 0.8 Dodging
 - Level 0.8 Stealth
 - Level 3.0 Evocations


You had one spell level left.
You didn't know any spells.
Your spell library was empty.

Dungeon Overview and Level Annotations

Branches:
Dungeon (1/15)

Altars:


Innate Abilities, Weirdness & Mutations

You have a somewhat thin skeletal structure. (Dex +2, Stealth+)


Message History

The endoplasm freezes you.
You are frozen.
The endoplasm freezes you.
You are frozen.
You are too injured to fight recklessly!
You are too injured to fight recklessly!
You are too injured to fight recklessly!
You are too injured to fight recklessly!
You are too injured to fight recklessly!
An endoplasm is nearby!
An endoplasm is nearby!
Aiming: Throw Flame
Press: ? - help, Shift-Dir - straight line, f - endoplasm
Aim: an endoplasm (moderately wounded, 98% to hit)
The puff of flame hits the endoplasm!
You kill the endoplasm!
Your Fighting skill increases to level 2!
Found a leather armour.
A rat comes into view.
A rat is nearby!
No target in view!
No target in view!
A rat is nearby!
A rat is nearby!
A rat is nearby!
You see here a fuming yellow potion.
You hit the rat.
You kill the rat!
You have reached level 2!
Your demonic ancestry asserts itself...
Your bones become slightly less dense.
You see here a +0 leather armour.
Things that are here:
a +0 dagger; a goblin corpse You see here a +0 ring mail.
You see here a bat corpse.
There is a large open door here.
There is a staircase leading out of the dungeon here.
Are you sure you want to leave the Dungeon?
This will make you lose the game!
You have escaped!

......P.........♣......†..###
♣....♣..P♣...P♣.....#..##.
#PP(.............###..##.
#######...P########......
#....# #..#.##. ##''##
#........ #+##...P##+#
#........ #..........#
#........ #PP..@...♣P#
#..#.#### ##P♣♣P♣PPP## #.##.
# ## ####### .. .. .. ## # #


There were no monsters in sight!

Vanquished Creatures
  A bat (D:1)
  An endoplasm (D:1)
  A giant cockroach (D:1)
  A goblin (D:1)
  A quokka (D:1)
  A ball python (D:1)
  A rat (D:1)
7 creatures vanquished.

Notes
Turn   | Place    | Note
-------+----------+-------------------------------------------
     0 | D:1      | Alarkh the Demonspawn Artificer began the quest for the
                  | Orb.
     0 | D:1      | Reached XP level 1. HP: 15/15 MP: 1/1
   146 | D:1      | Gained mutation: You have a somewhat thin skeletal
                  | structure. (Dex +2, Stealth+) [demonic ancestry]
   146 | D:1      | Reached XP level 2. HP: 20/22 MP: 2/2
   188 | D:$      | Got out of the dungeon alive.

Illustrated notes

Levels and vault maps discovered:
D:1:      denvon_arrival_planthouse, layout_basic, grunt_decor_clamped,
          dk_noncrumbling_2

Skill      XL: |  1 |
---------------+----+-----
Fighting       | 2 |  2.1
Armour         | |  1.7
Dodging        | |  0.8
Stealth        | |  0.8
Evocations     | |  3.0

Action                     || total
---------------------------++-------
  Melee: Club              ||    31
  Evoke: Wand              ||     1
   Stab: Distracted        ||     1
 Armour: Leather armour    ||    11
  Dodge: Dodged            ||    21
